 Dungeon Crawl Stone Soup version 0.20.1-1-g8b1a95d (webtiles) character file.

68 dmj the Ducker (level 4, -1/44 HPs)
             Began as a Troll Fighter on July 31, 2017.
             Slain by a kobold (2 damage)
             ... on level 3 of the Dungeon.
             The game lasted 00:02:02 (610 turns).

dmj the Ducker (Troll Fighter)                       Turns: 610, Time: 00:02:03

Health: -1/44      AC:  5    Str: 25    XL:     4   Next: 1%
Magic:  3/3        EV:  8    Int:  4    God:
Gold:   78         SH:  9    Dex:  9    Spells: 3/3 levels left

rFire    . . .     SeeInvis .   a - +0 war axe
rCold    . . .     Gourm    +   c - +0 shield
rNeg     . . .     Faith    .   b - +0 robe
rPois    .         Spirit   .   (helmet restricted)
rElec    .         Reflect  .   (no cloak)
rCorr    .         Harm     .   (gloves unavailable)
MR       .....                  (boots unavailable)
Stlth    +.........             (no amulet)
Regen    0.6/turn               (no ring)
MPRegen  0.1/turn               (no ring)

@: no status effects
A: unfitting armour, claws 3, fast metabolism 3, gourmand, regeneration 1,
shaggy fur 1, tough skin 2
a: no special abilities


You were on level 3 of the Dungeon.
You were not hungry.

You visited 1 branch of the dungeon, and saw 3 of its levels.

You collected 78 gold pieces.

Inventory:

Hand Weapons
 a - a +0 war axe (weapon)
Armour
 b - a +0 robe (worn)
 c - a +0 shield (worn)
Wands
 g - a wand of flame (31/48)
Scrolls
 e - a scroll of fear {unknown}
 h - a scroll of teleportation {unknown}
 j - 3 scrolls of identify {unknown}
 l - a scroll of enchant weapon {unknown}
Potions
 d - a potion of might
 i - a potion of curing {unknown}
 m - a potion of lignification {unknown}
Comestibles
 f - 2 bread rations
 k - a meat ration


   Skills:
 + Level 2.7 Fighting
 + Level 2.2 Axes
 + Level 2.9 Dodging
 + Level 2.9 Shields


You had 3 spell levels left.
You didn't know any spells.

Dungeon Overview and Level Annotations

Branches:
Dungeon (3/15)

Altars:

Annotations:
D:3 2 transporters


Innate Abilities, Weirdness & Mutations

You are too large for most types of armour.
You have claws for hands.
Your metabolism is lightning-fast.
You like to eat raw meat.
Your natural rate of healing is unusually fast.
You are covered in fur. (AC +1)
You have very tough skin. (AC +2)


Message History

The kobold is severely wounded.
You slash the worm! You barely miss the bat.
Your shield prevents you from hitting the hobgoblin.
You block the bat's attack. The bat barely misses you.
The hobgoblin hits you with a club.
* * * LOW HITPOINT WARNING * * *
You block the kobold's attack. You block the hobgoblin's attack.
The worm bites you.
* * * LOW HITPOINT WARNING * * *
You barely miss the kobold.
The kobold is severely wounded.
You closely miss the hobgoblin. You closely miss the bat. You hit the worm.
You kill the worm!
You have reached level 4!
The bat hits you but does no damage. You block the bat's attack. x2
The kobold hits you.
* * * LOW HITPOINT WARNING * * *
The bat hits you but does no damage. You block the hobgoblin's attack.
The kobold hits you.
You die...

#.# ## #.# #####.## #.#
.>.... ... #?...# #.#
#....# # #.# ##..Kg#.#
#.# ####..†@b..#######<#
<.....††#####......#
#####....## #.####.#
.........b# #.#
.####.#...# #†#
#....#...# ###)##
#$#......###.##....####
#......................
.###.#..#.########..##.#


You could see a hobgoblin, 2 bats and a kobold.

Vanquished Creatures
  3 gnolls (D:3)
  An ooze (D:2)
  2 worms (D:3)
  A dart slug (D:1)
  2 leopard geckos
  An orc (D:3)
  A giant cockroach (D:3)
  A goblin (D:3)
  4 hobgoblins
  A ball python (D:3)
  2 bats
  4 frilled lizards (D:3)
  2 kobolds (D:3)
  2 rats (D:3)
  6 fungi (D:1)
33 creatures vanquished.

Notes
Turn   | Place    | Note
-------+----------+-------------------------------------------
     0 | D:1      | dmj the Troll Fighter began the quest for the Orb.
     0 | D:1      | Reached XP level 1. HP: 22/22 MP: 0/0
   221 | D:1      | Reached XP level 2. HP: 29/29 MP: 1/1
   311 | D:3      | Reached XP level 3. HP: 26/36 MP: 2/2
   329 | D:3      | Found a transporter.
   545 | D:3      | Found a transporter.
   610 | D:3      | Reached XP level 4. HP: 4/44 MP: 3/3
   610 | D:3      | HP: 1/44 [kobold (4)]
   610 | D:3      | Slain by a kobold

Skill      XL: |  1  2 |
---------------+-------+-----
Axes           | 2 |  2.2
Fighting       | |  2.7
Dodging        | |  2.9
Shields        | |  2.9

Action                   |  1- 3 |  4- 6 || total
-------------------------+-------+-------++-------
Melee: War axe           |   110 |       ||   110
  Eat: Chunk             |     3 |       ||     3
Armor: Robe              |    57 |     2 ||    59
Dodge: Dodged            |    58 |       ||    58
Block: Shield            |   100 |     3 ||   103
